 Dungeon Crawl Stone Soup version 0.21.1-1-g345015f (webtiles) character file.

12610 inc the Slicer (level 11, -9/75 HPs)
             Began as an Octopode Ice Elementalist on June 16, 2018.
             Was a High Priest of Cheibriados.
             Mangled by a minotaur
             ... wielding the +9 lajatang "Ofalu" {vamp, Str+4 Int-2 Dex+2}
              (11 damage)
             ... in a labyrinth.
             The game lasted 00:29:19 (13365 turns).

inc the Slicer (Octopode Ice Elementalist)         Turns: 13365, Time: 00:29:20

Health: -9/75      AC:  1    Str: 27    XL:     11   Next: 96%
Magic:  5/14       EV: 20    Int: 34    God:    Cheibriados [*****.]
Gold:   609        SH: 13    Dex: 27    Spells: 10/14 levels left

rFire    . . .     SeeInvis .   x - +5 rapier (distort)
rCold    . . .     Gourm    .   L - +0 shield
rNeg     . . .     Faith    .   (helmet restricted)
rPois    .         Spirit   .   (no amulet)
rElec    .         Reflect  .   f - ring of stealth
rCorr    .         Harm     .   (no ring)
MR       .....                  I - +5 ring of strength
Stlth    ++++++....             (no ring)
HPRegen  0.22/turn              (no ring)
MPRegen  0.14/turn              (no ring)
                                (no ring)
                                (no ring)

@: very slightly contaminated, invisible, very slow
A: almost no armour, stealthy swim, amphibious, 8 rings, constrict 8, camouflage
1, gelatinous body 1
a: Bend Time, Temporal Distortion, Slouch, Step From Time, Renounce Religion


You were in a labyrinth.
You worshipped Cheibriados.
Cheibriados was extremely pleased with you.
You were hungry.

You visited 1 branch of the dungeon, and saw 11 of its levels.
You also visited: Labyrinth, Sewer and Ossuary.

You collected 609 gold pieces.

Inventory:

Hand Weapons
 i - a +0 long sword
 l - a +0 short sword
 o - a +2 whip of venom
 x - a +5 rapier of distortion (weapon)
Missiles
 z - 5 curare-tipped needles
Armour
 m - a +1 buckler
 L - a +0 shield (worn)
Jewellery
 f - a ring of stealth (left tentacle)
 w - a -2 ring of evasion
 I - a +5 ring of strength (on tentacle)
Wands
 r - a wand of paralysis (9)
 A - a wand of flame (21)
 H - a wand of scattershot (7)
Scrolls
 c - 2 scrolls of identify
 e - 2 scrolls of amnesia
 h - 13 scrolls of teleportation
 k - a scroll of immolation
 n - 8 scrolls of remove curse
 p - 2 scrolls of magic mapping
 q - a scroll of fog
 y - a scroll of blinking
 J - a scroll of silence {unknown}
 K - a scroll of enchant armour
Potions
 d - 9 potions of curing
 g - 4 potions of brilliance
 s - 3 potions of flight
 t - a potion of ambrosia
 u - a potion of heal wounds
 v - a potion of cancellation {unknown}
 B - a potion of mutation
 C - a potion of haste
 D - 3 potions of agility
 E - a potion of berserk rage {unknown}
 F - a potion of lignification
Books
 a - a book of Frost

   Spells                             Type                      Level
   a - Freeze                         Ice                          1
   b - Throw Frost                    Conjuration/Ice              2
   c - Ozocubu's Armour               Charms/Ice                   3
   d - Throw Icicle                   Conjuration/Ice              4
   e - Summon Ice Beast               Ice/Summoning                4
 G - a book of Air

   Spells                             Type                      Level
   a - Shock                          Conjuration/Air              1
   b - Swiftness                      Charms/Air                   2
   c - Static Discharge               Conjuration/Air              3
   d - Airstrike                      Air                          4
   e - Lightning Bolt                 Conjuration/Air              5
Comestibles
 b - 10 rations


   Skills:
 - Level 7.5 Fighting
 - Level 11.5 Short Blades
 - Level 8.4 Dodging
 - Level 5.0 Stealth
 + Level 6.9 Shields
 - Level 0.4 Unarmed Combat
 - Level 2.0 Spellcasting
   Level 1.0 Conjurations
 - Level 3.1 Charms
 - Level 3.0 Ice Magic
 - Level 5.2 Invocations


You had 10 spell levels left.
You knew the following spells:

 Your Spells              Type           Power        Failure   Level  Hunger
a - Freeze                Ice            ###.         4%          1    None
b - Ozocubu's Armour      Chrm/Ice       ###.....     14%         3    ###....


Dungeon Overview and Level Annotations

Branches:
Dungeon (11/15)            Temple (0/1) D:5
   Lair: D:8-11         Orc: D:9-12

Altars:
Ashenzari
Cheibriados
Dithmenos
Elyvilon
Fedhas
Kikubaaqudgha
Makhleb
Nemelex Xobeh
Okawaru
Ru
Trog
Uskayaw
Vehumet
Wu Jian
The Shining One

Shops:
D:7 [

Annotations:
D:3 Statics's ghost, amateur DsMo


Innate Abilities, Weirdness & Mutations

You cannot wear most types of armour.
You are very stealthy in the water. (Stealth+)
You are amphibious.
You can wear up to eight rings at the same time.
You can use your tentacles to constrict eight enemies at once.
Your skin changes colour to match your surroundings (Stealth+).
Your rubbery body absorbs attacks. (AC +1, EV +1)


Message History

Press: ? - help, Dir - move target cursor You are very lightly contaminated with residual magic.
As you read the scroll of blinking, it crumbles to dust.
You can feel time thicken for a moment.
You feel somewhat more hungry.
You can feel time thicken for a moment.
You feel somewhat more hungry.
Cheibriados lowers the support of your attributes as your movement quickens.
You don't have enough magic at the moment.
You feel much better.
Press: ? - help, v - describe, . - travel
Here: a minotaur, wielding an ichor-stained lajatang {vamp}, wearing a glowing leather armour and wearing a thin bronze amulet (severely wounded)
The floor.
You fade into invisibility!
The minotaur hits you with an ichor-stained lajatang {vamp}!!
* * * LOW HITPOINT WARNING * * *
The minotaur draws strength from your wounds!
The minotaur gores you!!
* * * LOW HITPOINT WARNING * * *
Unknown command.
The minotaur hits you with an ichor-stained lajatang {vamp}!
You die...

# .# #.# ... ..
###.# ###.
#...#. # ##@#
#.## .## ..
#.#H#...# #..
###.
.#.#.###.#. ##
# #...........
.#. ..#
#.##.........##
#....#### ##..#
# #..# .# #..#
.# # ##. ..<≈#.
#.#.#


You could see a minotaur.

Vanquished Creatures
  4 two-headed ogres
  Urug (D:10)
  An unseen horror (D:10)
  Pikel (D:6)
  A centaur skeleton (D:10)
  The ghost of Shutra the Ducker, a novice DsGl of Xom (D:6)
  2 hippogriffs
  2 wyverns
  5 yaks (D:11)
  Grum (D:8)
  2 hungry ghosts (D:9)
  2 wargs (D:11)
  2 water moccasins
  Duvessa (D:5)
  3 ice beasts
  5 ogres
  4 orc warriors
  A necrophage (D:8)
  3 wolves (D:8)
  4 centaurs
  2 bullfrogs
  2 big kobolds
  Dowan (D:5)
  A wyvern skeleton (D:9)
  12 scorpions
  4 killer bees (D:9)
  3 howler monkeys
  4 centaur zombies (Ossuary)
  7 crimson imps
  A bullfrog zombie (D:5)
  2 bullfrog skeletons
  A human zombie (Ossuary)
  A jelly (D:10)
  2 hounds
  3 orc priests
  13 orc wizards
  8 worker ants
  A big kobold zombie (Ossuary)
  2 hound skeletons (D:4)
  A hound zombie (D:9)
  3 mummies (Ossuary)
  Robin (D:3)
  3 gnolls (D:3)
  8 adders
  A scorpion zombie (Ossuary)
  2 shadow imps
  An adder zombie (D:7)
  2 adder skeletons
  3 worms
  5 dart slugs
  3 leopard geckos
  44 orcs
  10 bats
  2 giant cockroaches
  20 goblins
  9 hobgoblins
  6 jackals (D:3)
  25 kobolds
  4 quokkas
  A ball python (D:1)
  12 frilled lizards
  A gnoll zombie (Ossuary)
  A goblin skeleton (D:8)
  5 goblin zombies
  4 hobgoblin zombies
  3 kobold zombies
  3 orc zombies
  15 rats
314 creatures vanquished.

Vanquished Creatures (others)
  The ghost of kae the Cleaver, a novice HOFi of Beogh (D:8)
  A cyclops (D:9)
  A hippogriff (D:10)
  2 orc warriors
  A sky beast (D:7)
  A black bear (D:6)
  3 slaves (D:6)
  A crocodile (D:9)
  A howler monkey (D:10)
  An orc wizard (D:6)
  A centaur skeleton (D:6)
  A worker ant (D:7)
  A hound skeleton (D:6)
  A shadow imp (D:6)
  An orc (D:6)
  A giant cockroach (D:6)
  5 plants (D:9)
24 creatures vanquished.

Grand Total: 338 creatures vanquished

Notes
Turn   | Place    | Note
-------+----------+-------------------------------------------
     0 | D:1      | inc the Octopode Ice Elementalist began the quest for the Orb.
     0 | D:1      | Reached XP level 1. HP: 11/11 MP: 3/3
    27 | D:1      | Reached skill level 1 in Fighting
    33 | D:1      | Reached XP level 2. HP: 4/18 MP: 5/5
   850 | D:1      | Reached XP level 3. HP: 25/25 MP: 6/6
  1551 | D:2      | Found a shattered altar of Ashenzari.
  2038 | D:2      | Reached XP level 4. HP: 30/31 MP: 7/7
  2271 | D:2      | Found a snail-covered altar of Cheibriados.
  2313 | D:2      | Became a worshipper of Cheibriados the Contemplative
  2795 | D:3      | Noticed Statics's ghost (amateur DsMo)
  2854 | D:3      | Reached skill level 1 in Shields
  3051 | D:3      | Reached XP level 5. HP: 36/37 MP: 8/8
  3076 | D:2      | Learned a level 3 spell: Ozocubu's Armour
  3166 | D:3      | Reached * piety under Cheibriados
  3227 | D:3      | Noticed Robin
  3391 | D:4      | Found a glowing drain.
  3420 | Sewer    | Entered a sewer
  3698 | Sewer    | Reached ** piety under Cheibriados
  3753 | Sewer    | Noticed Purgy
  4304 | D:4      | Reached XP level 6. HP: 25/43 MP: 9/9
  4911 | D:4      | Reached skill level 5 in Stealth
  5080 | D:3      | Found a burning altar of Makhleb.
  5222 | D:3      | Killed Robin
  5222 | D:3      | Reached *** piety under Cheibriados
  5222 | D:3      | Reached skill level 1 in Charms
  5236 | D:3      | Reached XP level 7. HP: 32/47 MP: 10/10
  5724 | D:5      | Entered Level 5 of the Dungeon
  5962 | D:5      | Found a sparkling altar of Nemelex Xobeh.
  5983 | D:5      | Found a snail-covered altar of Cheibriados.
  6110 | D:5      | Found a staircase to the Ecumenical Temple.
  6572 | D:5      | Noticed Duvessa
  6575 | D:5      | Noticed Dowan
  6581 | D:5      | Killed Duvessa
  6581 | D:5      | Reached skill level 5 in Dodging
  6581 | D:5      | Reached XP level 8. HP: 32/54 MP: 11/11
  6583 | D:5      | Killed Dowan
  6792 | D:5      | Reached skill level 1 in Short Blades
  6882 | D:5      | Reached skill level 2 in Short Blades
  7187 | D:6      | Noticed Shutra's ghost (novice DsGl)
  7201 | D:6      | Killed Shutra's ghost
  7201 | D:6      | Reached skill level 4 in Short Blades
  7250 | D:6      | Noticed Pikel
  7259 | D:6      | Killed Pikel
  7259 | D:6      | Reached skill level 6 in Short Blades
  7259 | D:6      | Reached XP level 9. HP: 35/58 MP: 12/12
  7386 | D:6      | Reached skill level 7 in Short Blades
  7877 | D:6      | Found a hide-covered altar of Uskayaw.
  7889 | D:6      | Found a shadowy altar of Dithmenos.
  8048 | D:6      | Found an ornate altar of the Wu Jian Council.
  8125 | D:6      | Found a radiant altar of Vehumet.
  8125 | D:6      | Found a snail-covered altar of Cheibriados.
  8155 | D:6      | Reached **** piety under Cheibriados
  8358 | D:7      | Reached skill level 8 in Short Blades
  8555 | D:7      | Reached skill level 1 in Invocations
  8612 | D:7      | Found Jefuog's Antique Armour Emporium.
  8643 | D:7      | Found a sand-covered staircase.
  8650 | Ossuary  | Entered an ossuary
  8688 | Ossuary  | Reached skill level 5 in Invocations
  9030 | Ossuary  | Reached XP level 10. HP: 61/65 MP: 13/13
  9243 | D:7      | Reached skill level 5 in Fighting
  9609 | D:8      | Found a bloodstained altar of Trog.
  9619 | D:8      | Found a glowing golden altar of the Shining One.
  9631 | D:8      | Noticed kae's ghost (novice HOFi)
  9668 | D:8      | Reached ***** piety under Cheibriados
  9710 | D:8      | Banished kae's ghost
  9873 | D:8      | Found a sacrificial altar of Ru.
  9969 | D:8      | Found a white marble altar of Elyvilon.
 10160 | D:8      | Noticed Grum
 10551 | D:8      | Killed Grum
 10744 | D:9      | Noticed a two-headed ogre
 10831 | D:9      | Noticed a cyclops
 10840 | D:9      | Banished a cyclops
 11041 | D:9      | Noticed a two-headed ogre
 11061 | D:9      | Reached skill level 9 in Short Blades
 11079 | D:9      | Found an ancient bone altar of Kikubaaqudgha.
 11080 | D:9      | Found a blossoming altar of Fedhas.
 11121 | D:9      | Noticed a two-headed ogre
 11150 | D:9      | Killed a two-headed ogre
 11150 | D:9      | Reached skill level 10 in Short Blades
 11150 | D:9      | Reached XP level 11. HP: 68/74 MP: 14/14
 11475 | D:9      | Killed a two-headed ogre
 11475 | D:9      | Reached skill level 11 in Short Blades
 11558 | D:9      | Killed a two-headed ogre
 11558 | D:9      | Reached ****** piety under Cheibriados
 11613 | D:10     | Entered Level 10 of the Dungeon
 11613 | D:10     | Noticed a two-headed ogre
 11615 | D:10     | Killed a two-headed ogre
 11695 | D:10     | Killed an unseen horror
 12115 | D:10     | Noticed Urug
 12130 | D:10     | Killed Urug
 12132 | D:10     | Reached skill level 5 in Shields
 12910 | D:11     | Found an iron altar of Okawaru.
 12958 | D:11     | Found a labyrinth entrance.
 13173 | Lab      | Entered a labyrinth
 13347 | Lab      | Noticed a minotaur
 13364 | Lab      | HP: 1/75 [minotaur/ichor-stained lajatang {vamp} (19)]
 13365 | Lab      | Identified the +9 lajatang "Ofalu" {vamp, Str+4 Int-2 Dex+2}
 13365 | Lab      | Mangled by a minotaur

Skill      XL: |  1  2  3  4  5  6  7  8  9 10 11 |
---------------+----------------------------------+-----
Fighting       | 1 2 3 4 6 7 |  7.5
Shields        | 1 3 4 6 |  6.9
Stealth        | 4 5 |  5.0
Charms         | 1 3 |  3.1
Dodging        | 5 7 8 |  8.4
Short Blades   | 6 8 10 11 | 11.5
Invocations    | 5 |  5.2
Unarmed Combat | |  0.4
Spellcasting   | |  2.0
Conjurations   | |  1.0
Ice Magic      | |  3.0

Action                   |  1- 3 |  4- 6 |  7- 9 | 10-12 || total
-------------------------+-------+-------+-------+-------++-------
Melee: Unarmed           |    96 |       |       |       ||    96
       Constrict         |    32 |    46 |    35 |    43 ||   156
       Tentacles         |    20 |    28 |    44 |    99 ||   191
       Long sword        |    18 |     8 |       |       ||    26
       Punch             |     2 |       |     3 |     1 ||     6
       Whip              |       |   173 |    45 |       ||   218
       Short sword       |       |     1 |       |       ||     1
       Rapier            |       |       |   125 |   279 ||   404
 Cast: Ozocubu's Armour  |       |       |     2 |     5 ||     7
Invok: Slouch            |       |       |     1 |     2 ||     3
  Use: Scroll            |       |     5 |    10 |     9 ||    24
       Potion            |       |     4 |       |     8 ||    12
 Stab: Sleeping          |     3 |    23 |    14 |    14 ||    54
       Invisible         |       |       |       |     6 ||     6
       Distracted        |       |       |       |     4 ||     4
  Eat: Chunk             |     2 |     5 |     6 |     5 ||    18
       Ration            |       |     1 |       |     1 ||     2
Armor: Skin              |    13 |    31 |     1 |     7 ||    52
Dodge: Dodged            |   100 |    92 |    88 |   177 ||   457
Block: Buckler           |       |    42 |    39 |    70 ||   151
       Shield            |       |       |       |     5 ||     5
       Rpst.: Long sword |     6 |       |       |       ||     6
